Map: Coda LE (Void)

Players

Bop

  • Race: Zerg Zerg

IIIIIIIIIIII - Winner!

  • Race: Terran Terran

VOD

Have the link to the VOD?

Description

Time

  • Played on: May 7, 2015, 3:14 a.m.
  • Length: 14:58
Show
View Real Time Build Order
Export as new Build Order

Bop Zerg 

Build Orders: Hatch First, Lurkers, Muta Ling Bane 

Get SALT Encoding   

  12  0:01  Drone  
  13  0:13  Overlord  
  13  0:19  Drone  
  14  0:32  Drone x2  
  16  0:37  Drone  
  17  0:55  Hatchery  
  16  0:58  Drone  
  16  1:03  Extractor  
  16  1:07  Drone  
  16  1:11  Drone  
  18  1:23  Spawning Pool  
  17  1:28  Drone  
  17  1:31  Drone  
  19  1:39  Drone  
  20  1:52  Overlord  
  20  2:09  Queen  
  20  2:10  Metabolic Boost, Queen  
  20  2:13  Zergling x2  
  25  2:17  Zergling x2  
  25  2:20  Drone  
  25  2:22  Drone  
  28  2:26  Drone  
  29  2:31  Extractor  
  29  2:35  Drone  
  29  2:36  Extractor  
  30  2:44  Extractor  
  30  2:46  Drone x3  
  30  2:50  Lair  
  33  2:53  Drone  
  34  3:00  Overlord  
  34  3:06  Drone x2  
  36  3:19  Drone x3, Baneling Nest  
  38  3:21  Extractor  
  38  3:22  Extractor  
  38  3:24  Drone x3  
  39  3:29  Zergling x4  
  39  3:38  Drone x4  
  43  3:42  Overlord  
  43  3:53  Overlord  
  43  3:56  Spire  
  42  4:06  Drone x5  
  47  4:10  Overlord  
  47  4:12  Drone  
  48  4:18  Drone x3  
  48  4:23  Extractor  
  50  4:27  Overlord  
  50  4:28  Drone  
  50  4:29  Drone x2  
  53  4:36  Queen  
  55  4:42  Zergling x6  
  55  4:44  Spore Crawler  
  57  4:46  Spore Crawler  
  55  4:53  Zergling x10  
  50  5:09  Mutalisk x4  
  58  5:19  Mutalisk  
  58  5:20  Mutalisk x2  
  63  5:22  Overseer  
  63  5:27  Drone x2  
  64  5:38  Mutalisk  
  64  5:41  Drone x2  
  67  5:53  Hydralisk Den  
  66  6:04  Drone  
  66  6:05  Drone x4  
  66  6:06  Overlord x2  
  66  6:07  Lurker Den  
  70  6:18  Overlord  
  70  6:27  Hatchery  
  69  6:37  Mutalisk x3  
  71  6:40  Drone x8  
  79  6:53  Zergling x8  
  79  6:54  Zergling x2  
  84  6:55  Centrifical Hooks  
  84  6:56  Overlord  
  84  7:02  Overseer  
  84  7:05  Overlord  
  84  7:06  Drone  
  84  7:07  Extractor  
  84  7:11  Extractor  
  83  7:17  Hydralisk x3  
  83  7:19  Drone x2  
  83  7:20  Drone  
  92  7:28  Overlord  
  93  7:30  Drone  
  93  7:37  Hydralisk x3  
  93  7:43  Zergling x6  
  102  7:49  Drone x5  
  102  7:50  Queen  
  108  8:00  Overlord x2  
  108  8:04  Lurker x3  
  111  8:07  Drone x7  
  118  8:15  Lurker x2  
  118  8:18  Overlord x2  
  120  8:27  Hatchery  
  120  8:31  Zergling x10  
  124  8:35  Overlord  
  124  8:40  Infestation Pit  
  123  8:48  Overlord  
  123  8:49  Hatchery, Overlord  
  123  8:52  Pneumatized Carapace  
  123  8:55  Lurker  
  123  9:01  Hydralisk x2  
  127  9:07  Hydralisk x2  
  131  9:11  Drone x3  
  134  9:24  Overlord  
  134  9:29  Drone x13  
  147  9:35  Hive  
  147  9:38  Burrow  
  147  9:39  Zergling x10  
  147  9:41  Baneling x3  
  147  9:42  Baneling  
  147  9:44  Lurker x2, Extractor  
  147  9:45  Lurker  
  152  9:46  Extractor  
  151  10:06  Zergling x24  
  151  10:07  Zergling x8  
  166  10:17  Lurker  
  166  10:19  Mutalisk x7  
  158  10:26  Zergling x6  
  130  10:38  Mutalisk  
  130  10:39  Mutalisk x3  
  128  10:43  Drone x2  
  128  10:45  Queen x2  
  128  10:49  Drone x2  
  130  10:50  Drone  
  130  10:51  Drone x2, Extractor  
  127  11:04  Zergling x14  
  127  11:10  Queen  
  136  11:19  Zergling x14  
  136  11:20  Ultralisk Cavern  
  137  11:34  Zergling x2  
  137  11:35  Zergling x14  
  145  11:47  Adrenal Glands  
  145  11:49  Zergling x18  
  145  11:52  Evolution Chamber  
  153  11:55  Baneling  
  153  11:56  Baneling x6  
  153  12:08  Ultralisk x4  
  177  12:15  Chitinous Plating  
  177  12:18  Zerg Melee Weapons Level 1  
  177  12:26  Overlord x2  
  177  12:31  Zerg Flyer Weapons Level 1  
  177  12:33  Evolution Chamber  
  164  12:45  Hydralisk  
  164  12:46  Hydralisk x8  
  164  12:50  Drone x3  
  182  12:51  Drone x3  
  182  12:54  Spine Crawler  
  182  12:57  Overlord  
  184  12:59  Overseer  
  184  13:00  Overseer  
  184  13:10  Mutalisk x3  
  186  13:15  Lurker  
  186  13:21  Drone x5, Queen  
  186  13:26  Lurker x2  
  195  13:27  Overlord  
  195  13:34  Overlord  
  147  13:49  Ultralisk x2  
  130  13:55  Zergling x2  
  130  13:56  Zergling x24  
  130  14:00  Hydralisk  
  130  14:01  Mutalisk x2  
  139  14:07  Mutalisk  
  139  14:09  Zergling x2  
  135  14:10  Zergling x10  
  138  14:28  Mutalisk x3  
  138  14:29  Hatchery  
  138  14:30  Zergling x14  
  150  14:34  Lurker, Extractor x2  
Show
View Real Time Build Order
Export as new Build Order

IIIIIIIIIIII Terran - Winner!

Build Orders: Reaper Expand, Bio Tank, Hellion Banshee, MMM Bio 

Get SALT Encoding   

  12  0:01  SCV  
  13  0:13  SCV  
  14  0:19  Supply Depot  
  14  0:26  SCV  
  15  0:40  SCV  
  15  0:42  Barracks  
  16  0:44  Refinery  
  16  0:52  SCV  
  17  1:04  SCV  
  18  1:16  SCV  
  19  1:29  Orbital Command  
  19  1:30  Reaper  
  20  1:46  Command Center  
  20  1:52  Refinery  
  20  1:55  SCV  
  21  2:02  Reaper  
  21  2:08  Supply Depot  
  22  2:09  SCV  
  23  2:24  Factory  
  23  2:29  SCV  
  24  2:38  Barracks Reactor  
  24  2:42  SCV  
  24  2:54  SCV  
  25  3:06  SCV  
  25  3:07  Orbital Command  
  25  3:08  Starport  
  26  3:18  SCV  
  27  3:22  Barracks Tech Lab  
  27  3:24  Hellion x2  
  31  3:30  SCV  
  32  3:38  SCV  
  33  3:44  Supply Depot, SCV  
  33  3:45  Hellion x2  
  38  3:49  Barracks Tech Lab  
  38  3:50  SCV  
  38  3:51  Cloaking Field  
  38  3:52  Banshee  
  42  3:57  SCV  
  42  4:02  SCV  
  44  4:04  Supply Depot  
  44  4:07  Hellion x2  
  48  4:10  Supply Depot  
  48  4:12  SCV  
  48  4:14  SCV  
  48  4:16  Stimpack  
  50  4:25  SCV  
  50  4:26  SCV, Marine  
  50  4:29  Hellion x2  
  57  4:36  Supply Depot  
  57  4:37  Banshee  
  57  4:38  SCV x2  
  62  4:45  Marine  
  63  4:55  SCV x2  
  65  5:03  Marauder  
  61  5:08  Barracks x3  
  61  5:09  SCV x2  
  61  5:10  Hellion  
  61  5:12  Barracks  
  59  5:20  Missile Turret  
  62  5:22  Missile Turret  
  62  5:25  Missile Turret  
  62  5:33  Supply Depot  
  58  5:35  Missile Turret  
  55  5:42  Widow Mine  
  55  5:43  Marine, Widow Mine  
  55  5:46  SCV x2  
  55  5:47  Missile Turret  
  59  5:57  Starport Reactor  
  59  5:58  Marine x2  
  59  6:00  Marine  
  59  6:01  Marine  
  60  6:04  Combat Shields  
  60  6:05  Marine  
  60  6:08  SCV x2  
  63  6:14  Command Center  
  63  6:16  Barracks Reactor x2  
  62  6:19  Barracks Reactor  
  62  6:26  SCV  
  62  6:27  SCV  
  62  6:38  Marine x2  
  62  6:39  SCV x2, Medivac x2  
  68  6:40  Marine  
  68  6:41  Siege Tank  
  68  6:46  Refinery x2  
  72  6:47  Supply Depot x2  
  72  6:48  Engineering Bay  
  72  6:50  Engineering Bay  
  72  6:53  Missile Turret  
  72  6:55  Marine x4  
  72  6:56  Marine  
  72  6:58  Marine  
  72  6:59  Marine  
  72  7:00  Marine  
  80  7:02  Marine  
  80  7:07  SCV x2  
  83  7:16  Terran Infantry Weapons Level 1, Terran Infantry Armor Level 1  
  83  7:19  Marine x7  
  83  7:20  Marine  
  91  7:23  Marauder  
  91  7:29  Orbital Command  
  93  7:37  SCV x2  
  93  7:40  Marine x8  
  103  7:47  Armory  
  103  7:49  Siege Tank, Medivac  
  108  7:52  Medivac  
  108  7:54  SCV x2  
  112  8:04  Orbital Command  
  112  8:05  Marine x9  
  117  8:15  Supply Depot  
  117  8:16  Supply Depot  
  117  8:36  SCV x3, Marine x5  
  117  8:37  Siege Tank, Marine x4  
  117  8:39  Supply Depot  
  117  8:40  Supply Depot  
  132  8:46  Factory  
  132  8:48  SCV  
  132  8:50  Concussive Shells  
  133  8:57  Bunker, Sensor Tower  
  133  9:00  SCV x2, Marine x6  
  133  9:01  Missile Turret  
  133  9:02  Missile Turret  
  141  9:06  Supply Depot  
  141  9:09  Siege Tank  
  144  9:13  Factory, Terran Infantry Armor Level 2  
  144  9:20  Terran Infantry Weapons Level 2  
  147  9:36  Command Center  
  144  9:39  Marine  
  144  9:40  Marine x7  
  144  9:41  Factory Tech Lab, Marauder  
  144  9:44  Siege Tank  
  144  9:45  Terran Vehicle and Ship Weapons Level 1  
  157  10:06  Refinery  
  157  10:07  Refinery, Marine  
  157  10:15  Factory Tech Lab  
  157  10:16  Marine  
  157  10:21  Marine x6  
  157  10:22  Marine  
  157  10:23  Siege Tank  
  157  10:25  Marine  
  145  10:34  Marine  
  129  10:39  Marauder, Marine x5  
  129  10:40  Marine  
  133  10:43  Marine  
  133  10:49  Siege Tank  
  135  10:50  Siege Tank, Medivac x2  
  135  10:51  Marine  
  135  10:55  Siege Tank  
  135  10:57  Marine x5  
  142  10:58  Marine  
  142  11:00  Marine x2  
  143  11:09  Marine  
  144  11:14  Marine x2  
  144  11:15  Marine x3  
  144  11:16  Marine  
  144  11:18  Marine x2  
  152  11:27  Marine  
  152  11:31  Planetary Fortress  
  152  11:32  Marine x5  
  153  11:33  Missile Turret, Marine  
  153  11:34  Missile Turret  
  153  11:35  Missile Turret x2  
  153  11:36  Marine x2  
  161  11:44  Medivac x2  
  161  11:45  Marine  
  166  11:50  Marine  
  167  12:13  Marine x5  
  167  12:14  Terran Infantry Weapons Level 3, Terran Infantry Armor Level 3  
  172  12:34  Medivac x2, Marine x5  
  172  12:35  Marine x4  
  160  12:51  Marine  
  160  12:52  Marine x4  
  160  12:53  Marine x4  
  160  12:55  Siege Tank  
  172  13:07  Command Center  
  172  13:08  Command Center x2  
  172  13:42  Marine x4  
  172  13:43  Siege Tank, Marine x5  
  172  13:45  Siege Tank  
  150  14:00  Marine  
  150  14:01  Marine  
  152  14:05  Marine x4  
  152  14:06  Marine x3  
  152  14:09  Siege Tank  
  162  14:10  Medivac x2  
  162  14:15  Siege Tank  
  169  14:18  Marine  
  169  14:22  Barracks  
  169  14:23  Barracks, Marine  
  169  14:24  Barracks, Marine x7  
  171  14:25  Siege Tank  
  171  14:29  Factory, Orbital Command  
  171  14:30  Orbital Command  
Tags
 
Add a new tag
Caveats
  • Supply blocks, unpowered buildings, or Contaminate may cause inaccurate times.
  • Supply counts are checked every 10 seconds.